 Dungeon Crawl Stone Soup version 0.28-a0-87-g9a7839dea9 (webtiles) character file.

Game seed: 13491004654023201483

1570 pokeman the Thaumaturge (level 8, -1/44 HPs)
             Began as a Deep Elf Hedge Wizard on Aug 6, 2021.
             Was an Initiate of Vehumet.
             Slain by Grum (14 damage)
             ... on level 8 of the Dungeon.
             The game lasted 00:13:28 (7418 turns).

pokeman the Thaumaturge (Deep Elf Hedge Wizard)     Turns: 7418, Time: 00:13:29

Health: -1/44      AC:  6    Str:  7    XL:     8   Next: 59%
Magic:  4/24       EV: 12    Int: 28    God:    Vehumet [......]
Gold:   194        SH:  0    Dex: 14    Spells: 16/27 levels left

rFire   + . .      SeeInvis .   b - +5 flail of the Abyss {drain, rElec rF+}
rCold   . . .      Faith    .   (no shield)
rNeg    . . .      Spirit   .   E - +0 leather armour
rPois   .          Reflect  .   c - +0 hat
rElec   +          Harm     .   r - +0 cloak
rCorr   .          Rampage  .   z - +0 pair of gloves
Will    .....                   q - +0 pair of boots
Stlth   ++........              (no amulet)
HPRegen 0.14/turn               v - ring of wizardry
MPRegen 0.19/turn               m - +6 ring of intelligence

@: no status effects
A: no striking features
a: Renounce Religion


You were on level 8 of the Dungeon.
You worshipped Vehumet.
Vehumet was noncommittal.
You visited 2 branches of the dungeon, and saw 9 of its levels.

You collected 194 gold pieces.

Inventory:

Hand Weapons
 b - the +5 flail of the Abyss (weapon) {drain, rElec rF+}
   (You found it on level 5 of the Dungeon)

   A truly terrible weapon, it drains the life of any living foe it strikes.
   rF:        It protects you from fire.
   rElec:     It insulates you from electricity.
 C - a +0 shortbow
 G - the +0 dagger of Terror {chaos, *Rage rC+ Dex+4}
   (You found it on level 5 of the Dungeon)

   Each time it hits an enemy it has a different, random effect.
   Dex:       It affects your dexterity (+4).
   rC:        It protects you from cold.
   *Rage:     It may make you go berserk in combat.
Missiles
 e - 94 bolts
 x - 2 throwing nets
 D - 51 arrows
Armour
 c - a +0 hat (worn)
 q - a +0 pair of boots (worn)
 r - a +0 cloak (worn)
 z - a +0 pair of gloves (worn)
 E - a +0 leather armour (worn)
Magical Staves
 B - a staff of air
Jewellery
 d - a ring of fire
 m - a +6 ring of intelligence (right hand)
 v - a ring of wizardry (left hand)
Wands
 o - a wand of flame (16)
 p - a wand of acid (10)
 s - a wand of paralysis (10)
Scrolls
 a - a scroll of fear {unknown}
 g - a scroll of noise {unknown}
 h - a scroll of fog {unknown}
 k - 3 scrolls of identify {unknown}
 l - a scroll of amnesia {unknown}
 t - 3 scrolls of enchant armour {unknown}
 w - a scroll of silence {unknown}
 y - a scroll of summoning {unknown}
 A - a scroll of brand weapon {unknown}
 F - 2 scrolls of teleportation {unknown}
Potions
 f - 2 potions of curing {unknown}
 i - 2 potions of brilliance {unknown}
 j - 2 potions of flight {unknown}
 n - a potion of resistance {unknown}
 u - a potion of degeneration {unknown}
 H - 2 potions of might {unknown}


   Skills:
 - Level 2.0 Fighting
 + Level 2.0 Armour
 - Level 4.1 Dodging
 - Level 3.1 Stealth
 * Level 10.0 Spellcasting
 + Level 5.2 Conjurations
 - Level 1.1 Summonings
 - Level 1.1 Translocations
 + Level 3.4 Fire Magic
 - Level 2.0 Air Magic
 - Level 1.0 Poison Magic
 - Level 1.1 Evocations


You had 16 spell levels left.
You knew the following spells:

 Your Spells              Type           Power      Damage    Failure   Level
a - Magic Dart            Conj           100%       1d8       1%          1
b - Mephitic Cloud        Conj/Pois/Air  29%        N/A       2%          3
c - Call Imp              Summ           20%        N/A       2%          2
d - Blink                 Tloc           N/A        N/A       2%          2
e - Conjure Flame         Conj/Fire      38%        6-21      1%          3

Your spell library contained the following spells:

 Spells                   Type           Power      Damage    Failure   Level
 Sting                    Tmut/Pois      64%        1d6       1%          1
 Poisonous Vapours        Pois/Air       44%        N/A       1%          2
 Slow                     Hex            14%        N/A       3%          2
 Olgreb's Toxic Radiance  Pois           19%        N/A       16%         4


Dungeon Overview and Level Annotations

Branches:
Dungeon (9/15)             Temple (1/1) D:6
   Lair: D:8-11         Orc: D:9-12

Altars:
Cheibriados
Dithmenos
Fedhas
Gozag
Hepliaklqana
Kikubaaqudgha
Makhleb
Qazlal
Ru
Sif Muna
Trog
Vehumet
Wu Jian
Xom
Yredelemnul
Zin
The Shining One

Annotations:
D:8 Grum


Message History

You kill the wolf!
Vehumet accepts your kill.
Your Armour skill increases to level 2!
Your Spellcasting skill increases to level 10!
You hit something. You sock something!
Something asks, "What the hell are we doing here?
Hmm, I see..."
Things that are here:
a +0 dagger; a +0 robe
Casting: Mephitic Cloud (dangerous; 2% risk of failure)
Confirm with . or Enter, or press ? or * to list all spells.
A beastly little devil appears in a puff of flame.
Casting: Call Imp (safe; 2% risk of failure)
Confirm with . or Enter, or press ? or * to list all spells.
A beastly little devil appears in a puff of flame.
Your crimson imp blinks!
Casting: Call Imp (safe; 2% risk of failure)
Confirm with . or Enter, or press ? or * to list all spells.
A beastly little devil appears in a puff of frigid air.
Something barely misses you.
Unknown command.
Something screams, "I'll kill you anyway!"
Something wonders, "What am I doing in here?"
Casting: Call Imp (safe; 2% risk of failure)
Confirm with . or Enter, or press ? or * to list all spells.
A beastly little devil appears in a puff of flame.
Casting: Call Imp (safe; 2% risk of failure)
Confirm with . or Enter, or press ? or * to list all spells.
A beastly little devil appears in a puff of flame.
Unknown command.
You swap places.
Your crimson imp disappears in a puff of smoke!
Your white imp disappears in a puff of smoke!
Something hits you! Something hits you!
* * * LOW HITPOINT WARNING * * *
Your crimson imp blinks!
There is a stone staircase leading down here.
Something hits you!
You die...

... ......
....o. ......
########......
#..ยง..........
#............
#.55))5..##.##
###@))........
#####.......
.)..... .......
####'##


You could see 3 friendly crimson imps.

Vanquished Creatures
  Sigmund (D:3)
  Duvessa (D:5)
  An ice beast (D:5)
  2 wolves (D:8)
  A centaur (D:5)
  Blork the orc (D:5)
  A bullfrog (D:6)
  Dowan (D:5)
  A scorpion (D:5)
  A bullfrog skeleton (D:5)
  A jelly (D:6)
  An orc priest (D:5)
  2 centaur skeletons (D:5)
  3 hounds
  3 iguanas
  Ijyb (D:3)
  3 orc wizards (D:8)
  2 hound skeletons (D:4)
  8 gnolls
  9 adders
  A shadow imp (D:6)
  A white imp (D:6)
  An ufetubus (D:6)
  3 dart slugs
  6 orcs
  5 bats
  5 endoplasms
  2 giant cockroaches
  13 goblins
  4 hobgoblins (D:2)
  8 jackals
  4 kobolds
  3 quokkas
  6 ball pythons
  6 frilled lizards
  10 rats
  A spectral hobgoblin (D:1)
123 creatures vanquished.

Vanquished Creatures (others)
  An orc wizard (D:5)
1 creature vanquished.

Grand Total: 124 creatures vanquished

Notes
Turn   | Place    | Note
-------+----------+-------------------------------------------
     0 | D:1      | pokeman the Deep Elf Hedge Wizard began the quest for the
                  | Orb.
     0 | D:1      | Reached XP level 1. HP: 10/10 MP: 7/7
   396 | D:1      | Reached XP level 2. HP: 16/16 MP: 6/9
   687 | D:1      | Reached skill level 5 in Spellcasting
  1310 | D:1      | Reached XP level 3. HP: 20/20 MP: 6/11
  1314 | D:1      | Learned a level 3 spell: Mephitic Cloud
  1317 | D:1      | Learned a level 2 spell: Call Imp
  1320 | D:1      | Learned a level 2 spell: Blink
  1324 | D:1      | Learned a level 3 spell: Conjure Flame
  1392 | D:1      | Found a faded altar of an unknown god.
  1578 | D:2      | Reached skill level 1 in Fighting
  1578 | D:2      | Reached skill level 1 in Armour
  1877 | D:2      | Reached XP level 4. HP: 25/25 MP: 6/13
  2523 | D:2      | Reached skill level 1 in Fire Magic
  2788 | D:2      | Reached skill level 6 in Spellcasting
  3114 | D:3      | Noticed Sigmund
  3129 | D:3      | Killed Sigmund
  3130 | D:3      | Reached skill level 1 in Air Magic
  3130 | D:3      | Reached XP level 5. HP: 7/29 MP: 5/16
  3130 | D:3      | Reached XP level 6. HP: 9/34 MP: 5/17
  3386 | D:3      | Noticed Ijyb
  3397 | D:3      | Killed Ijyb
  4037 | D:3      | Found a shimmering altar of Xom.
  4122 | D:4      | Reached skill level 7 in Spellcasting
  5209 | D:5      | Entered Level 5 of the Dungeon
  5290 | D:5      | Reached XP level 7. HP: 21/38 MP: 13/20
  5292 | D:5      | Reached skill level 1 in Poison Magic
  5802 | D:5      | Reached skill level 8 in Spellcasting
  5802 | D:5      | Reached skill level 1 in Evocations
  6067 | D:5      | Noticed Blork the orc
  6086 | D:5      | Killed Blork the orc
  6277 | D:5      | Identified the +5 flail of the Abyss {drain, rElec rF+}
  6479 | D:5      | Noticed Dowan
  6482 | D:5      | Noticed Duvessa
  6500 | D:5      | Killed Duvessa
  6502 | D:5      | Killed Dowan
  6503 | D:5      | Reached skill level 9 in Spellcasting
  6503 | D:5      | Reached XP level 8. HP: 30/44 MP: 5/23
  6721 | D:5      | Identified the +0 dagger of Terror {chaos, *Rage rC+ Dex+4}
  7147 | D:6      | Found a staircase to the Ecumenical Temple.
  7160 | Temple   | Entered the Ecumenical Temple
  7168 | Temple   | Became a worshipper of Vehumet
  7320 | D:6      | You fall into a shaft and drop 3 floors!
  7358 | D:8      | Reached skill level 5 in Conjurations
  7393 | D:8      | Noticed Grum
  7404 | D:8      | Reached skill level 10 in Spellcasting
  7418 | D:8      | Slain by Grum

Illustrated notes

Levels and vault maps discovered:
D:1:      dpeg_arrival_ratfight, layout_basic, serial_forest,
          infiniplex_forest_lined_room_3, infiniplex_forest_lined_room_2,
          infiniplex_forest_lined_4_way, infiniplex_forest_corner_1,
          infiniplex_forest_clump_long, infiniplex_forest_straight_4,
          infiniplex_forest_3_way, infiniplex_forest_fountain,
          infiniplex_forest_clump_long, infiniplex_forest_clump_small,
          dreamdust_ecumenical_altar_drowned_temple
D:2:      layout_basic
D:3:      layout_basic, lemuel_coloured_pillars_altar, uniq_ijyb, uniq_sigmund
D:4:      layout_loops_corners, dk_noncrumbling_2
D:5:      layout_loops_corners, minivault_23, uniq_duvessa, uniq_blork_the_orc
D:6:      layout_cave_pods, minmay_temple_entry_statues_fountains, uniq_pikel,
          uniq_menkaure
D:8:      minmay_flawed_box, layout_basic, ebering_ghost_disaster_area,
          minmay_nine_imps, uniq_grum, uniq_maggie, uniq_harold, uniq_erica
D:9:      layout_irregular_city, orc_0_dummy
Temple:   dpeg_three_leaves_temple

Skill      XL: |  1  2  3  4  5  6  7  8 |
---------------+-------------------------+-----
Spellcasting   | 5 6 7 9 10 | 10.0
Fighting       | 1 2 |  2.0
Armour         | 1 2 |  2.0
Conjurations   | 2 3 4 5 |  5.2
Fire Magic     | 1 2 3 |  3.4
Dodging        | 3 4 |  4.1
Air Magic      | 1 2 |  2.0
Poison Magic   | 1 |  1.0
Stealth        | 3 |  3.1
Evocations     | 1 |  1.1
Summonings     | |  1.1
Translocations | |  1.1

Action                   |  1- 3 |  4- 6 |  7- 9 || total
-------------------------+-------+-------+-------++-------
Melee: Dagger            |    20 |    11 |       ||    31
       Flail             |       |    14 |    40 ||    54
 Cast: Magic Dart        |    66 |   117 |    79 ||   262
       Mephitic Cloud    |     2 |     5 |    11 ||    18
       Conjure Flame     |     1 |     3 |     9 ||    13
       Call Imp          |       |       |     5 ||     5
 Stab: Confused          |     1 |     4 |     3 ||     8
Armor: Robe              |     2 |     3 |       ||     5
       Leather armour    |       |       |    21 ||    21
Dodge: Dodged            |    16 |    25 |    29 ||    70

Table legend: (Time is in decaauts)
 A = Elapsed time spent in this place.
 B = Non-inter-level travel time spent in this place.
 C = Inter-level travel time spent in this place.
 D = Time resting spent in this place.
 E = Time spent auto-exploring this place.
 F = Levels seen in this place.
 G = Mean time per level.
                   A        B        C        D        E       F      G
               +--------+--------+--------+--------+--------+-----+--------+
         Total |   7443 |   7310 |    133 |   1029 |   5470 |   9 |  827.0 |
       Dungeon |   7426 |   7300 |    126 |   1029 |   5470 |   8 |  928.2 |
        Temple |     16 |      9 |      7 |      0 |      0 |   1 |   16.0 |
               +--------+--------+--------+--------+--------+-----+--------+

Top non-repeatable levels by time:
     D:1: 1800 daAuts
     D:5: 1753 daAuts
     D:2: 1221 daAuts
     D:4: 1116 daAuts
     D:3: 1080 daAuts
     D:6: 350 daAuts
     D:8: 86 daAuts
  Temple: 16 daAuts
     D:9: 16 daAuts
